cohdb
Replays
Latest Replays
All Replays
Popular Replays
Top Player Replays
Match Explorer
How It Works
Community
CoH3 Stats
Reddit
Sign in to upload your games and track your stats! →
Sign in with Steam
Match 43635653
Unlisted
Match 43635653
Overview
Messages
Build Orders
End
Construct Barracks
Scout Squad
Selects Advanced Infantry Battlegroup
1⁄4-ton 4x4 Truck
Scout Squad
Scout Squad
Scout Squad
Scout Squad
Riflemen Squad
Selects Artillery Observers
M1 Mortar Team
Mechanized Support Center
Selects Convert to Ranger Squad
Ranger Squad
Selects Designate Assault Position
Construct Tank Depot
Artillery Observer Squad
M18 Hellcat Tank Destroyer
Grenade Package
Selects Infantry Assault
M18 Hellcat Tank Destroyer
Designate Forward Repair Station
Selects M2A1 105mm Howitzer Emplacement
Improvised Armor
Infantry Assault
M4A1 Sherman Medium Tank
Engineer Squad
Selects 155mm Rapid Artillery Barrage
M4A1 76mm Conversion
M4A1(76) Sherman Medium Tank
Salvage Crew
robwarrior
PZ
Arces
w1nt3r
adepta
Caviarcoke
Take the beer and watch my game
Leonard
0
0
Comments
sign in to comment!
No comments posted yet!